Unix NetHack Version 3.7.0-62 Work-in-progress - last build Aug 7 2022 04:32:40 (f254b98e4f4e6c2f4e816e90bd3419c5233a8e5f,branch:master). Game began 2022-08-08 22:23:12, ended 2022-08-09 08:53:23. Colobot, neutral male human Wizard ----------- ---- |.........| -------->.-- |.........| |..........| |.........| |.-.-----0.| |....<....| |.00|0..|@Y| |.........| |-......00.| |.........| |..|.......| |.........| |.--..----.| |.........| --.|........| |+------------.....-.---.| |.^^.........%...-...|...| ----------------.........| |..|..----- ------- Colobot the Thaumaturge St:9 Dx:17 Co:16 In:18 Wi:11 Ch:8 Neutral Dlvl:5 $:63 HP:0(62) Pw:55(76) AC:8 Xp:8/1287 T:6008 Latest messages: With great effort you move the boulder. With great effort you move the boulder. With great effort you move the boulder. The boulder falls into and plugs a hole in the floor! With great effort you move the boulder. With great effort you move the boulder. With great effort you move the boulder. Pick an object. j a jelly (ochre jelly) With great effort you move the boulder. The boulder falls into and plugs a hole in the floor! The ochre jelly engulfs you! You are covered in slime! It burns! You hit the ochre jelly. You are splashed by the ochre jelly's acid! Your dagger named hand corrodes! # Are you sure you want to pray? [yn] (n) You begin praying to Thoth. You finish your prayer. You feel that Thoth is displeased. What do you want to use or apply? [ckmnrswyEFVX or ?*] In what direction? Status of the ochre jelly (neutral): Level 6 HP 19(22) AC 8, engulfing you. What do you want to zap? [cmrsV or ?*] In what direction? You get expelled from the ochre jelly with a squelch! You feel tough! You must have been leading a healthy life-style. In what direction? The spell hits the ochre jelly! You kill the ochre jelly! Welcome to experience level 8. You see here an ochre jelly corpse. With great effort you move the boulder. With great effort you move the boulder. With great effort you move the boulder. You see here an ochre jelly corpse. The boulder falls into and plugs a hole in the floor! In what direction? The ring called bonyx 150 falls through the hole. You see here an ochre jelly corpse. The yeti hits! The yeti hits! The yeti bites! The yeti hits! The yeti hits! The yeti bites! The yeti hits! You die... Major events: Turn 1: Colobot the neutral male human Wizard entered the dungeon 419: entered the Gnomish Mines 543: attained the rank of Conjurer (level 3) 3041: attained the rank of Thaumaturge (level 6) 4085: entered Sokoban 4398: completed sokoban 1 6008: killed by a yeti Inventory: Amulets ('"') N - an uncursed amulet of guarding (being worn) Weapons (')') R - 2 uncursed +0 daggers named ammo x - an uncursed corroded +0 dagger named hand (weapon in hand) Armor ('[') b - an uncursed +0 orcish helm f - an uncursed +2 pair of gauntlets of dexterity A - an uncursed +0 pair of iron shoes L - an uncursed +0 cloak of magic resistance named tele M - a blessed +0 leather armor Comestibles ('%') P - an uncursed apple Scrolls ('?') t - an uncursed scroll of amnesia p - an uncursed scroll of charging v - 2 uncursed scrolls of earth U - an uncursed scroll of identify a - a cursed scroll of remove curse Y - a blessed scroll of teleportation i - an uncursed scroll of teleportation Spellbooks ('+') X - an uncursed spellbook of blank paper Potions ('!') g - a blessed potion of gain energy o - a cursed potion of gain energy h - an uncursed potion of sickness Rings ('=') e - an uncursed +2 ring of gain strength (on right hand) q - an uncursed ring of see invisible Wands ('/') m - an uncursed wand of digging named z1 (0:1) s - an uncursed wand of polymorph (0:7) V - an uncursed wand of polymorph (0:5) r - a cursed wand of striking (0:5) c - an uncursed wand of teleportation (0:4) Tools ('(') n - an uncursed magic marker (0:21) w - an uncursed magic whistle k - an uncursed skeleton key y - an uncursed stethoscope E - an uncursed tallow candle F - an uncursed tin opener Gems/Stones ('*') u - an uncursed jet stone Z - an uncursed worthless piece of red glass I - 3 uncursed worthless pieces of violet glass Q - 2 cursed worthless pieces of violet glass D - an uncursed worthless piece of white glass B - 4 uncursed worthless pieces of yellow glass Colobot the Wizard's attributes: Background: You were a Thaumaturge, a level 8 male human Wizard. You were neutral, on a mission for Thoth who was opposed by Ptah (lawful) and Anhur (chaotic). You were in Sokoban, on level 5. You entered the dungeon 6008 turns ago. You had 1287 experience points, 1273 more were needed to attain level 9. Basics: You had 0 out of 62 hit points. You had 55 out of 76 energy points (spell power). Your armor class was 8. Your wallet contained 63 zorkmids. Autopickup was on for '$%?!"=/*', with exceptions. Final Characteristics: Your strength was 9 (base:7, peak:10, limit:18/100). Your dexterity was 17 (limit:18). Your constitution was 16 (limit:18). Your intelligence was 18 (limit:18). Your wisdom was 11 (limit:18). Your charisma was 8 (limit:18). Final Status: You were not hungry. You were unencumbered. You were wielding a dagger. You were skilled in dagger. You were not wearing any armor. Final Attributes: You were piously aligned. You were telepathic. You had a small defense bonus (+2). You were guarded. You are dead. Miscellaneous: You never encountered a bones level. Total elapsed playing time was 3 hours, 29 minutes and 54 seconds. Vanquished creatures: a water demon 2 small mimics an ochre jelly an ettin zombie an amorous demon a giant beetle a cockatrice 2 iron piercers 2 brown puddings a yeti a housecat 2 gnome mummies a soldier ant 4 water nymphs a fog cloud 2 yellow lights a gnome leader 2 straw golems 3 giant ants 3 floating eyes 3 dwarves 2 homunculi a rabid rat an orc zombie 2 dwarf zombies a wererat a werejackal an iguana an acid blob a coyote a hobbit a manes a large kobold a hobgoblin 2 yellow molds 2 green molds a red mold 11 gnomes a garter snake 2 gnome zombies 2 geckos 9 jackals a fox a kobold 3 goblins 3 sewer rats 12 grid bugs 6 lichens a kobold zombie 5 newts 113 creatures vanquished. No species were genocided or became extinct. Voluntary challenges: You read items or engraved 19 times. You engraved Elbereth 5 times. You never genocided any monsters. You never polymorphed an object. You never changed form. You used no wishes. You did not violate any of the special Sokoban rules. Achievements: You entered the Gnomish Mines. You attained the rank of Conjurer. You entered a shop. You attained the rank of Thaumaturge. You entered Sokoban. The Dungeons of Doom: levels 1 to 8 Level 1: Some sinks. Level 2: A sink. Stairs down to The Gnomish Mines. Level 3: A fountain. Level 4: An armor shop, a fountain. Level 5: A fountain. Level 6: Many fountains. Level 7: A general store, a fountain. Stairs up to Sokoban, level 6. Level 8: The Gnomish Mines: levels 3 to 4 Level 3: Level 4: Sokoban: levels 6 up to 5 Level 5: <- You were here. Unsolved. Final resting place for you, killed by a yeti. Level 6: "COCKATRICE ABOVE" Solved. Game over: ---------- / \ / REST \ / IN \ / PEACE \ / \ | Colobot | | 63 Au | | killed by a yeti | | | | | | | | 2022 | *| * * * | * _________)/\\_//(\/(/\)/\//\/|_)_______ Goodbye Colobot the Wizard... You died in Sokoban on dungeon level 5 with 5575 points, and 63 pieces of gold, after 6008 moves. You were level 8 with a maximum of 62 hit points when you died.